 Dungeon Crawl Stone Soup version 0.30-a0-1103-g25895a7845 (webtiles) character file.

Game seed: 13286711790565917576

63 qeuew the Sneak (level 4, -4/27 HPs)
             Began as a Kobold Brigand on Apr 18, 2023.
             Slain by an orc
             ... wielding a +0 flail
              (9 damage)
             ... on level 3 of the Dungeon.
             The game lasted 00:02:23 (1978 turns).

qeuew the Sneak (Kobold Brigand)                    Turns: 1978, Time: 00:02:24

Health: -4/27      AC:  3    Str:  8    XL:     4   Next: 30%
Magic:  4/4        EV: 15    Int: 12    God:
Gold:   121        SH:  0    Dex: 18    Spells: 3/3 levels left

rFire   . . .      SeeInvis .    a - +3 dagger
rCold   . . .      Faith    .    (no shield)
rNeg    . . .      Spirit   .    b - +0 robe
rPois   .          Reflect  .    (no helmet)
rElec   .          Rampage  .    c - +0 cloak
rCorr   .                        (no gloves)
Will    .....                    (no boots)
Stlth   ++++                     (no amulet)
HPRegen 0.24/turn                (no ring)
MPRegen 0.09/turn                (no ring)

@: no status effects
A: small, no large weapons, nightstalker 3
a: no special abilities


You were on level 3 of the Dungeon.
You visited 1 branch of the dungeon, and saw 3 of its levels.

You collected 121 gold pieces.

Inventory:

Hand Weapons
 a - a +3 dagger (weapon)
Missiles
 d - 10 poisoned darts (quivered)
 e - 3 curare-tipped darts
Armour
 b - a +0 robe (worn)
 c - a +0 cloak (worn)
Wands
 i - a wand of roots (11)
Scrolls
 g - a scroll of magic mapping
 j - a scroll of amnesia
Potions
 f - a potion of resistance
 h - a potion of curing


   Skills:
 + Level 2.6 Fighting
 * Level 3.4 Short Blades
 + Level 2.5 Throwing
 + Level 0.6 Armour
 * Level 2.3 Dodging
 * Level 5.9 Stealth


You had 3 spell levels left.
You didn't know any spells.
Your spell library was empty.

Dungeon Overview and Level Annotations

Branches:
Dungeon (3/15)

Altars:
Okawaru
Yredelemnul

Shops:
D:3 =


Innate Abilities, Weirdness & Mutations

You are small and have problems with some larger weapons.
You are completely attuned to the shadows.


Message History

The orc wizard gestures wildly while chanting.
The orc wizard flickers and vanishes!
Deactivating autopickup; reactivate with Ctrl-A.
The orc attacks as you move away! The orc barely misses you.
The frilled lizard completely misses you.
The orc attacks as you move away! The orc closely misses you.
The orc throws a stone.
The stone closely misses you.
The frilled lizard attacks as you move away!
The frilled lizard closely misses you.
The frilled lizard attacks as you move away!
The frilled lizard misses you.
You miss the frilled lizard. The frilled lizard misses you.
You hit the frilled lizard.
You kill the frilled lizard!
Throw: 13 darts (poison)
Press: ? - help, Q - select action, (/) - cycle Shift-Dir - straight line, f - orc
Aim: an orc, wielding a +0 flail, wearing a +0 scale mail and quivering stones (66% to hit)
You throw a poisoned dart.
The poisoned dart completely misses the orc.
The orc throws a stone.
The stone hits you but does no damage.
Throw: 12 darts (poison)
Press: ? - help, Q - select action, (/) - cycle Shift-Dir - straight line, f/p - orc
Aim: an orc, wielding a +0 flail, wearing a +0 scale mail and quivering stones (66% to hit)
You throw a poisoned dart. The poisoned dart hits the orc.
The orc is poisoned.
The orc throws a stone.
The stone hits you but does no damage.
Throw: 11 darts (poison)
Press: ? - help, Q - select action, (/) - cycle Shift-Dir - straight line, f/p - orc
Aim: an orc, wielding a +0 flail, wearing a +0 scale mail and quivering stones (moderately wounded, poisoned, 66% to hit)
You throw a poisoned dart. The poisoned dart hits the orc.
The orc looks even sicker.
The orc is moderately wounded.
You closely miss the orc.
The orc is severely wounded.
The orc hits you with a +0 flail!
* * * LOW HITPOINT WARNING * * *
Unknown command.
You hit the orc but do no damage.
The orc is severely wounded.
The orc hits you with a +0 flail!
You die...

,,* #.###.....####...### ***
##.#...##### #...# #......#
##..# #.###..# #..# #.###..#
##..## ***** #.###..# #....#
*,,,** #..#...# ###....##
,,,,,***,,*,..######o......#
,,,,,,**,,_,....@o(o(##.##.#*
,,,,,,,,,,*,..#####..#)..#..*
,,,,,,,,,,*,,***,..........,*
,,,,,,,,,***,,,,..#...._....*
,,,,,,*,,***,***#..........(*
,,,,,**,,***,* ***,,*,,,*,,*
*,,,***,,,,,,* **,**,**,**
,,,,,,,*,***** *,,,,,,,*
*******,** ***,,,***


You could see 3 orcs.

Vanquished Creatures
  2 adders (D:2)
  A worm (D:2)
  A dart slug (D:1)
  2 orcs (D:3)
  7 endoplasms
  4 giant cockroaches
  A goblin (D:1)
  3 hobgoblins
  2 quokkas
  3 ball pythons
  3 bats
  A frilled lizard (D:3)
  4 kobolds
  2 rats
36 creatures vanquished.

Vanquished Creatures (others)
  A plant (D:1)
1 creature vanquished.

Grand Total: 37 creatures vanquished

Notes
Turn   | Place    | Note
-------+----------+-------------------------------------------
     0 | D:1      | qeuew the Kobold Brigand began the quest for the Orb.
     0 | D:1      | Reached XP level 1. HP: 12/12 MP: 1/1
   156 | D:1      | Reached XP level 2. HP: 15/17 MP: 2/2
   619 | D:1      | Reached XP level 3. HP: 19/22 MP: 3/3
  1097 | D:2      | Reached XP level 4. HP: 21/27 MP: 4/4
  1573 | D:3      | Found a basalt altar of Yredelemnul.
  1735 | D:3      | Found Zecetez's Jewellery Shoppe.
  1954 | D:3      | Found an iron altar of Okawaru.
  1978 | D:3      | Slain by an orc

Illustrated notes

Levels and vault maps discovered:
D:1:      lemuel_arrival_broad_hall, layout_loops_ring, serial_forest,
          infiniplex_forest_clump_double, infiniplex_forest_lined_2,
          infiniplex_forest_clump_double, infiniplex_forest_straight_1,
          infiniplex_forest_lined_3_way, infiniplex_forest_zigzag_1,
          infiniplex_forest_zigzag_2, infiniplex_forest_clump_tiny
D:2:      layout_loops_cross, minmay_misc_feat_cross, grunt_decor_clamped,
          minmay_statues_item
D:3:      layout_loops_ring, mainiacjoe_overflow_chevrons,
          nicolae_overflow_crystal_walls, okawaru_gym_becter,
          cheibrodos_ashenzari_chains, serial_shops, shop

Skill      XL: |  1  2  3 |
---------------+----------+-----
Short Blades   | 3 |  3.4
Dodging        | 2 |  2.3
Fighting       | |  2.6
Throwing       | |  2.5
Armour         | |  0.6
Stealth        | |  5.9

Action                     |  1- 3 |  4- 6 || total
---------------------------+-------+-------++-------
  Melee: Dagger            |    62 |    34 ||    96
  Throw: Dart              |       |     4 ||     4
    Use: Scroll            |     2 |     6 ||     8
         Potion            |       |     1 ||     1
   Stab: Sleeping          |    15 |     3 ||    18
 Armour: Robe              |     7 |     8 ||    15
  Dodge: Dodged            |    24 |    21 ||    45

Table legend: (Time is in decaauts)
 A = Elapsed time spent in this place.
 B = Non-inter-level travel time spent in this place.
 C = Inter-level travel time spent in this place.
 D = Time resting spent in this place.
 E = Time spent auto-exploring this place.
 F = Levels seen in this place.
 G = Mean time per level.
                   A        B        C        D        E       F      G
               +--------+--------+--------+--------+--------+-----+--------+
         Total |   1962 |   1916 |     46 |      0 |   1647 |   3 |  654.0 |
       Dungeon |   1962 |   1916 |     46 |      0 |   1647 |   3 |  654.0 |
               +--------+--------+--------+--------+--------+-----+--------+

Top non-repeatable levels by time:
     D:2: 865 daAuts
     D:1: 690 daAuts
     D:3: 406 daAuts
